 Dungeon Crawl Stone Soup version 0.18.1-48-g4cf74bf (webtiles) character file.

39 Krovax1 the Ruffian (level 3, 0/31 HPs)
             Began as a Naga Transmuter on July 20, 2016.
             Slain by a gnoll
             ... wielding a +0 spear
              (6 damage)
             ... on level 2 of the Dungeon.
             The game lasted 00:12:55 (1712 turns).

Krovax1 the Ruffian (Naga Transmuter)               Turns: 1712, Time: 00:12:56

Health: 0/31       AC:  2    Str: 13    XL:     3   Next: 47%
Magic:  5/6        EV: 10    Int: 13    God:
Gold:   61         SH:  0    Dex: 11    Spells: 2 memorised, 3 levels left

rFire  . . .     SeeInvis +       - Unarmed
rCold  . . .     Gourm    .     b - +0 robe
rNeg   . . .     Faith    .     (no shield)
rPois  +         Spirit   .     (no helmet)
rElec  .         Dismiss  .     (no cloak)
rCorr  .         Reflect  .     (no gloves)
SustAt .         Harm     .     (no barding)
MR     .....                    (no amulet)
Stlth  +.........               (no ring)
                                (no ring)

@: very slow, not resistant to hostile enchantments, very unstealthy
A: see invisible, deformed body, poison resistance, slowness 2, slow metabolism
1, spit poison 2, AC +1
a: Spit Poison


You were on level 2 of the Dungeon.
You were not hungry.

You visited 1 branch of the dungeon, and saw 2 of its levels.

You collected 61 gold pieces.

Inventory:

Hand Weapons
 e - a +0 dagger
 i - a +0 whip
Missiles
 a - 26 arrows
Armour
 b - a +0 robe (worn)
Jewellery
 g - an uncursed amulet of regeneration {unknown}
 h - a cursed ring of loudness {unknown}
Scrolls
 f - a scroll of recharging {unknown}
 k - 3 scrolls of identify {unknown}
 l - a scroll of amnesia {unknown}
 o - a scroll of random uselessness {unknown}
Potions
 j - a potion of might {unknown}
Books
 c - a book of Changes

   Spells                             Type                      Level
   a - Beastly Appendage              Transmutation                1
   b - Sticks to Snakes               Transmutation                2
   c - Spider Form                    Transmutation/Poison         3
   d - Ice Form                       Ice/Transmutation            4
   e - Blade Hands                    Transmutation                5
Comestibles
 d - a bread ration
 m - a meat ration
 n - 2 chunks of flesh


   Skills:
 + Level 1.3 Fighting
 + Level 2.2 Dodging
 + Level 3.4 Unarmed Combat
 + Level 2.1 Spellcasting
 * Level 2.4 Transmutations


You had 3 spell levels left.
You knew the following spells:

 Your Spells              Type           Power        Failure   Level  Hunger
a - Beastly Appendage     Trmt           #.....       12%         1    ##.....
b - Sticks to Snakes      Trmt           #.......     17%         2    ###....


Dungeon Overview and Level Annotations

Branches:
Dungeon (2/15)

Altars:


Innate Abilities, Weirdness & Mutations

You cannot wear boots.
Your serpentine skin is tough (AC +1).
You have supernaturally acute eyesight.
Armour fits poorly on your strangely shaped body.
Your system is resistant to poisons.
You cover ground very slowly.
You have a slow metabolism.
You can spit poison.


Message History

The gnoll barely misses you. The gnoll closely misses you.
The gnoll misses you.
Your horns disappear.
The gnoll hits you.
The gnoll hits you from afar with a spear.
The gnoll completely misses you.
Things that are here:
a short sword; a kobold skeleton The gnoll closely misses you.
The gnoll hits you.
* * * LOW HITPOINT WARNING * * *
The gnoll hits you.
* * * LOW HITPOINT WARNING * * *
The gnoll barely misses you. The gnoll hits you but does no damage.
The gnoll barely misses you.
Some of the chunks of flesh in your inventory have rotted away.
The gnoll hits you from afar with a spear.
You die...

#...# #.......#.## ...#####
#...#### #.......#.. ........
.......# #.(.....#.# ..####.
#...##.######.(g(...#.##########.
.....................)...........
....##.###.##.#######..#....####.
...............g.# #..#....# #.
..............##g## #..#....# #.
##########.##.##@.# #..#....####.
#.#........#<.###..#.........
#####.#.##.##..##..##..#.........
......#.##.###.##..##..#.........
##.##.#.##.###.##...#............
......).........)...##.#####.....
##.##.#.##.###....#.##. #.....
...##.#.##.# #.####..# #####.
#####.#.##.# #.# #..# #.


You could see 2 gnolls.

Vanquished Creatures
  A gnoll (D:2)
  An ooze (D:1)
  A dart slug (D:1)
  A giant gecko (D:1)
  A bat (D:1)
  2 giant cockroaches (D:1)
  4 goblins
  2 hobgoblins
  3 kobolds
  A quokka (D:2)
  A giant newt (D:2)
  6 rats
24 creatures vanquished.

Notes
Turn   | Place    | Note
--------------------------------------------------------------
     0 | D:1      | Krovax1 the Naga Transmuter began the quest for the Orb.
     0 | D:1      | Reached XP level 1. HP: 18/18 MP: 3/3
   410 | D:1      | Reached XP level 2. HP: 19/25 MP: 5/5
   747 | D:1      | Learned a level 2 spell: Sticks to Snakes
  1283 | D:1      | Reached XP level 3. HP: 26/31 MP: 4/6
  1712 | D:2      | Slain by a gnoll

Skill      XL: |  1  2  3 |
---------------+----------+-----
Dodging        | 2 |  2.2
Fighting       | |  1.3
Unarmed Combat | |  3.4
Spellcasting   | |  2.1
Transmutations | |  2.4

Action                   || total
-------------------------++-------
Melee: Dagger            ||    29
       Whip              ||     5
       Headbutt          ||     5
       Unarmed           ||    40
 Cast: Beastly Appendage ||     6
       Sticks to Snakes  ||     3
 Abil: Spit Poison       ||     8
  Eat: Chunk             ||     2
Armor: Robe              ||    14
Dodge: Dodged            ||    61
